 Dungeon Crawl Stone Soup version 0.26-a0-739-gf55cbd344a (webtiles) character file.

Game seed: 9905359147053221522

434 jiml777 the Gusty (level 6, -7/32 HPs)
             Began as a Deep Elf Air Elementalist on Nov 5, 2020.
             Mangled by a two-headed ogre
             ... wielding a +0 giant club
              (18 damage)
             ... on level 4 of the Dungeon.
             The game lasted 00:44:06 (4883 turns).

jiml777 the Gusty (Deep Elf Air Elementalist)       Turns: 4883, Time: 00:44:08

Health: -7/32      AC:  3    Str:  5    XL:     6   Next: 67%
Magic:  14/16      EV: 13    Int: 22    God:
Gold:   203        SH:  0    Dex: 15    Spells: 6/16 levels left

rFire    . . .     SeeInvis .   c - +0 short sword
rCold    . . .     Faith    .   (no shield)
rNeg     . . .     Spirit   .   a - +1 robe
rPois    .         Reflect  .   (no helmet)
rElec    .         Harm     .   (no cloak)
rCorr    .         Rampage  .   (no gloves)
MR       .....                  (no boots)
Stlth    ++........             k - amulet of the acrobat
HPRegen  0.10/turn              (no ring)
MPRegen  0.15/turn              (no ring)

@: swift, very quick
A: no striking features
a: no special abilities


You were on level 4 of the Dungeon.
You visited 1 branch of the dungeon, and saw 4 of its levels.
You also visited: Ossuary.

You collected 293 gold pieces.
You spent 90 gold pieces at shops.

Inventory:

Hand Weapons
 c - a +0 short sword (weapon)
Missiles
 f - 18 arrows
 h - 24 sling bullets
Armour
 a - a +1 robe (worn)
Jewellery
 e - an uncursed ring of ice
 k - an amulet of the acrobat (around neck)
Scrolls
 b - 6 scrolls of remove curse
 j - 4 scrolls of teleportation
 o - 2 scrolls of enchant armour
 q - 2 scrolls of identify
 s - a scroll of fog
Potions
 d - 5 potions of flight
 g - 2 potions of magic
 i - a potion of cancellation
 m - 5 potions of curing
 n - 3 potions of brilliance
 p - 2 potions of lignification {unknown}
 r - a potion of invisibility {unknown}


   Skills:
 + Level 3.0 Dodging
 + Level 3.6 Stealth
 + Level 5.5 Spellcasting
 + Level 2.9 Conjurations
 + Level 5.5 Air Magic


You had 6 spell levels left.
You knew the following spells:

 Your Spells              Type           Power        Failure   Level
a - Shock                 Conj/Air       ###.         1%          1
b - Swiftness             Air            ####....     1%          2
c - Static Discharge      Conj/Air       ###.....     4%          3
d - Airstrike             Air            ####......   10%         4

Your spell library contained the following spells:

 Spells                   Type           Power        Failure   Level
 Lightning Bolt           Conj/Air       ###.......   43%         5


Dungeon Overview and Level Annotations

Branches:
Dungeon (4/15)            Ossuary (visited)
 Temple: D:4-7

Altars:
Gozag
Makhleb
Qazlal
Zin

Annotations:
D:3 2 transporters
D:4 3 runed translucent doors, Trevise's ghost, amateur KoAM


Message History

You start resting.
Your extra speed is starting to run out.
You start resting.
You feel yourself slow down.
You start resting.
Magic restored.
You start resting.
HP restored.
You climb downwards.
Level annotation: 3 runed translucent doors, Trevise's ghost, amateur KoAM The two-headed ogre hits you with a +0 giant club!
The two-headed ogre barely misses you.
There is a stone staircase leading up here.
Casting: Shock (safe; 1% risk of failure)
Confirm with . or Enter, or press ? or * to list all spells.
You feel quick.
The two-headed ogre hits you with a +0 giant club!
The two-headed ogre hits you with a +0 giant club!!
Ouch! That really hurt!
You die...

#.###......###########
#...'......'...†......
#####......###########
#......# #....###
######### ##.##...÷
#....# #..##..##
#....# #....#.#
#....######..#...#
#O@..'......###..##
#....####..##.##..#
#....# #.##...##.#
#....# #..##.#'...
#....# ##..###O...
#....# ##..#..###
#....# ##...## ######
#####


You could see a two-headed ogre.

Vanquished Creatures
  A phantom (D:4)
  A gnoll shaman (D:4)
  Jessica (D:3)
  6 big kobold zombies (Ossuary)
  A mummy (Ossuary)
  4 gnolls
  3 adders
  2 worms (D:3)
  2 dart slugs
  2 leopard geckos
  An orc (D:4)
  2 spectral bats (Ossuary)
  2 ball pythons
  4 bats
  A giant cockroach (D:1)
  8 goblins
  4 hobgoblins
  3 kobolds
  3 quokkas
  A bat simulacrum (Ossuary)
  5 frilled lizards
  6 gnoll zombies (Ossuary)
  3 goblin simulacra (Ossuary)
  4 goblin zombies (Ossuary)
  5 hobgoblin zombies (Ossuary)
  6 kobold simulacra (Ossuary)
  5 kobold zombies (Ossuary)
  4 orc zombies (Ossuary)
  11 rats
  5 rat simulacra (Ossuary)
  4 spectral goblins (Ossuary)
  3 spectral kobolds (Ossuary)
  4 spectral rats (Ossuary)
117 creatures vanquished.

Notes
Turn   | Place    | Note
-------+----------+-------------------------------------------
     0 | D:1      | jiml777 the Deep Elf Air Elementalist began the quest for
                  | the Orb.
     0 | D:1      | Reached XP level 1. HP: 10/10 MP: 6/6
    90 | D:1      | Reached XP level 2. HP: 11/15 MP: 2/8
   721 | D:1      | Reached XP level 3. HP: 19/19 MP: 4/9
  1345 | D:2      | Learned a level 2 spell: Swiftness
  1349 | D:2      | Learned a level 3 spell: Static Discharge
  1540 | D:2      | Found a stormy altar of Qazlal.
  1929 | D:2      | Found Zin's Purification Station.
  1933 | D:2      | Found a glowing silver altar of Zin.
  1941 | D:2      | Bought a potion of curing for 90 gold pieces
  2287 | D:3      | Reached XP level 4. HP: 24/24 MP: 8/11
  2366 | D:3      | Noticed Jessica
  2371 | D:3      | Killed Jessica
  2553 | D:3      | Found a burning altar of Makhleb.
  2566 | D:3      | Found a transporter.
  2569 | D:3      | Noticed a big kobold
  2579 | D:3      | Found a transporter.
  3159 | D:4      | Found a runed translucent gate.
  3177 | D:4      | Found a runed translucent gate.
  3177 | D:4      | Found a runed translucent gate.
  3178 | D:4      | Found an opulent altar of Gozag.
  3179 | D:4      | Noticed a bullfrog
  3179 | D:4      | Noticed Trevise's ghost (amateur KoAM)
  3220 | D:4      | Noticed a phantom
  3282 | D:4      | Killed a phantom
  3282 | D:4      | Reached XP level 5. HP: 20/28 MP: 5/14
  3542 | D:4      | Found a sand-covered staircase.
  3546 | Ossuary  | Entered an ossuary
  3561 | Ossuary  | Learned a level 4 spell: Airstrike
  3569 | Ossuary  | Reached XP level 6. HP: 31/32 MP: 12/15
  3764 | Ossuary  | Reached skill level 5 in Air Magic
  3799 | Ossuary  | Reached skill level 5 in Spellcasting
  4586 | D:4      | Noticed a two-headed ogre
  4883 | D:4      | Mangled by a two-headed ogre

Illustrated notes

Levels and vault maps discovered:
D:1:      dpeg_arrival_round_a, layout_basic, minmay_misc_feat_cross
D:2:      kennysheep_six_static_rooms, layout_loops_cross, zin_purify,
          grunt_qazlal_sundering
D:3:      layout_basic, gammafunk_temple_overflow_arena, uniq_jessica
D:4:      layout_basic, enter_ossuary_5, ebering_ghost_gozag, uniq_menkaure,
          uniq_crazy_yiuf_cottage

Skill      XL: |  1  2  3  4  5  6 |
---------------+-------------------+-----
Spellcasting   | 4 5 |  5.5
Conjurations   | 2 |  2.9
Air Magic      | 4 5 |  5.5
Stealth        | 3 |  3.6
Dodging        | 3 |  3.0

Action                   |  1- 3 |  4- 6 || total
-------------------------+-------+-------++-------
Melee: Short sword       |       |     1 ||     1
 Cast: Shock             |    79 |   149 ||   228
       Airstrike         |       |     4 ||     4
       Swiftness         |       |     2 ||     2
  Use: Scroll            |    11 |     6 ||    17
       Potion            |       |     1 ||     1
Armor: Robe              |     2 |     7 ||     9
Dodge: Dodged            |     9 |    30 ||    39

Table legend: (Time is in decaauts)
 A = Elapsed time spent in this place.
 B = Non-inter-level travel time spent in this place.
 C = Inter-level travel time spent in this place.
 D = Time resting spent in this place.
 E = Time spent auto-exploring this place.
 F = Levels seen in this place.
 G = Mean time per level.
                   A        B        C        D        E       F      G
               +--------+--------+--------+--------+--------+-----+--------+
         Total |   4864 |   4785 |     79 |   1833 |   1516 |   5 |  972.8 |
       Dungeon |   3863 |   3784 |     79 |   1251 |   1450 |   4 |  965.8 |
       Ossuary |   1000 |   1000 |      0 |    582 |     66 |   1 | 1000.0 |
               +--------+--------+--------+--------+--------+-----+--------+

Top non-repeatable levels by time:
     D:2: 1150 daAuts
     D:1: 1132 daAuts
     D:3: 1095 daAuts
 Ossuary: 1000 daAuts
     D:4: 485 daAuts
